 Dungeon Crawl Stone Soup version 0.25.1-2-g60ff931df9 (webtiles) character file.

Game seed: 6349665909788465016

296 Martska the Changer (level 6, 0/51 HPs)
             Began as a Naga Transmuter on Oct 14, 2020.
             Slain by an ogre
             ... wielding a +0 giant club
              (14 damage)
             ... on level 4 of the Dungeon.
             The game lasted 00:07:00 (4129 turns).

Martska the Changer (Naga Transmuter)               Turns: 4129, Time: 00:07:01

Health: 0/51       AC:  2    Str: 12    XL:     6   Next: 35%
Magic:  8/9        EV: 19    Int: 15    God:
Gold:   128        SH:  0    Dex: 17    Spells: 5/9 levels left

rFire    + . .     SeeInvis +     - Unarmed
rCold    x . .     Gourm    .   (shield currently unavailable)
rNeg     . . .     Faith    .   (armour currently unavailable)
rPois    .         Spirit   .   (helmet currently unavailable)
rElec    .         Reflect  .   (cloak currently unavailable)
rCorr    .         Harm     .   (gloves currently unavailable)
MR       .....                  (no barding)
Stlth    ++........             j - amulet of magic regeneration
HPRegen  0.17/turn              l - ring of fire
MPRegen  0.36/turn              m - ring of poison resistance

@: spider-form
A: tiny, see invisible, slow metabolism 1, spit poison 1, AC +2
a: Spit Poison, End Transformation


You were on level 4 of the Dungeon.
You were not hungry.
You were a venomous arachnid creature.
You visited 1 branch of the dungeon, and saw 4 of its levels.

You collected 128 gold pieces.

Inventory:

Hand Weapons
 c - a +0 short sword (melded)
Missiles
 a - 12 arrows
Armour
 b - a +0 robe (melded)
 i - a +0 helmet (melded)
 p - a +0 pair of gloves (melded)
Jewellery
 j - an amulet of magic regeneration (around neck)
 l - a ring of fire (left front leg)
 m - a ring of poison resistance (right front leg)
Scrolls
 e - 3 scrolls of magic mapping {unknown}
 g - 4 scrolls of teleportation {unknown}
 h - a scroll of amnesia {unknown}
 k - a scroll of blinking {unknown}
 n - 4 scrolls of remove curse {unknown}
 t - a scroll of fog {unknown}
 u - a scroll of identify {unknown}
Potions
 f - a potion of flight {unknown}
 o - a potion of stabbing {unknown}
 q - a potion of resistance {unknown}
 r - a potion of haste {unknown}
 s - 2 potions of mutation {unknown}
 v - a potion of lignification {unknown}
 w - a potion of berserk rage {unknown}
Comestibles
 d - 6 rations
 x - 12 chunks of flesh


   Skills:
 - Level 1.0 Fighting
 - Level 1.5 Dodging
 - Level 3.0 Unarmed Combat
 - Level 2.0 Spellcasting
 * Level 6.5 Transmutations


You had 5 spell levels left.
You knew the following spells:

 Your Spells              Type           Power        Failure   Level  Hunger
a - Beastly Appendage     Tmut           ###...       7%          1    #......
b - Spider Form           Tmut/Pois      ##........   36%         3    ###....

Your spell library contained the following spells:

 Spells                   Type           Power        Failure   Level  Hunger
 Sticks to Snakes         Tmut           ###.....     9%          2    ###....
 Blade Hands              Tmut           ###.......   61%         5    ######.
 Ice Form                 Ice/Tmut       ##......     71%         4    #####..


Dungeon Overview and Level Annotations

Branches:
Dungeon (4/15)
 Temple: D:4-7

Altars:
Fedhas


Innate Abilities, Weirdness & Mutations

You cannot wear boots.
((Your serpentine skin is tough. (AC +2)))
You have supernaturally acute eyesight. (SInv)
((Armour fits poorly on your strangely shaped body.))
((Your system is resistant to poisons. (rPois)))
((You cover ground very slowly.))
You have a slow metabolism.
You can spit poison.


Message History

Your +0 pair of gloves melds into your body.
Your +0 robe melds into your body.
The ogre hits you with a +0 giant club!!
Ouch! That really hurt!
You hit the ogre.
The ogre is poisoned.
The ogre is lightly wounded.
You hit the ogre.
The ogre looks as sick as possible!
The ogre is lightly wounded.
The ogre hits you with a +0 giant club!
* * * LOW HITPOINT WARNING * * *
You hit the ogre.
The ogre is moderately wounded.
The ogre closely misses you.
You hit the ogre.
The ogre looks as sick as possible!
The ogre is heavily wounded.
You have got your breath back.
You hit the ogre.
The ogre looks as sick as possible!
The ogre is severely wounded.
The ogre hits you with a +0 giant club!
You die...

#........##.......###.....#.##
#.........#.......# #....... #
#..........#.....## #<......##
#........#.##...## #........
##########..##### #.....#..
##..## ####.# ##..#
#####.####... #....s.....#
#....O....## #............
#.......(.... #...........#
#.........#.. #.........#..
###########


You could see an ogre (extremely poisoned).

Vanquished Creatures
  2 ogres (D:4)
  3 oozes
  4 worms
  2 dart slugs
  5 leopard geckos
  6 orcs
  3 giant cockroaches (D:1)
  6 goblins
  11 hobgoblins
  15 jackals
  8 kobolds
  A quokka (D:2)
  8 bats
  3 frilled lizards
  7 rats
84 creatures vanquished.

Notes
Turn   | Place    | Note
-------+----------+-------------------------------------------
     0 | D:1      | Martska the Naga Transmuter began the quest for the Orb.
     0 | D:1      | Reached XP level 1. HP: 18/18 MP: 3/3
    64 | D:1      | Reached XP level 2. HP: 15/25 MP: 5/5
   459 | D:1      | Reached skill level 3 in Transmutations
  1100 | D:1      | Reached XP level 3. HP: 21/31 MP: 6/6
  1113 | D:1      | Learned a level 3 spell: Spider Form
  1464 | D:1      | Found a blossoming altar of Fedhas.
  1755 | D:2      | Reached skill level 4 in Transmutations
  1816 | D:2      | Reached XP level 4. HP: 35/38 MP: 4/7
  1986 | D:2      | You fall into a shaft and drop 1 floor!
  3058 | D:2      | Reached skill level 5 in Transmutations
  3209 | D:2      | Reached XP level 5. HP: 43/44 MP: 8/8
  3893 | D:4      | Noticed an ogre
  3899 | D:4      | Noticed an ogre
  3905 | D:4      | Killed an ogre
  3914 | D:4      | Killed an ogre
  3914 | D:4      | Reached skill level 6 in Transmutations
  3914 | D:4      | Reached XP level 6. HP: 21/51 MP: 9/9
  4129 | D:4      | Slain by an ogre

Illustrated notes

Levels and vault maps discovered:
D:1:      dpeg_arrival_water_altar, layout_loops_cross
D:2:      layout_basic
D:3:      layout_basic
D:4:      layout_rooms, lemuel_crystal_altar, lemuel_doored_altar,
          kennysheep_mini, first_ration

Skill      XL: |  1  2  3  4  5 |
---------------+----------------+-----
Transmutations | 3 4 5 6 |  6.5
Fighting       | |  1.0
Dodging        | |  1.5
Unarmed Combat | |  3.0
Spellcasting   | |  2.0

Action                   |  1- 3 |  4- 6 || total
-------------------------+-------+-------++-------
Melee: Short sword       |    84 |    66 ||   150
       Unarmed           |    12 |    73 ||    85
 Cast: Spider Form       |     2 |    10 ||    12
 Abil: Spit Poison       |    15 |    12 ||    27
 Stab: Sleeping          |     1 |     1 ||     2
  Eat: Chunk             |     3 |     6 ||     9
       Ration            |       |     1 ||     1
Armor: Robe              |    28 |    19 ||    47
       Skin              |     1 |     5 ||     6
Dodge: Dodged            |    67 |   106 ||   173
